 Dungeon Crawl Stone Soup version 0.23-a0-356-g1757c6e (webtiles) character file.

28 Cryolive the Digger (level 3, -1/19 HPs)
             Began as a Gargoyle Earth Elementalist on Oct 21, 2018.
             Slain by a jackal (2 damage)
             ... on level 1 of the Dungeon.
             The game lasted 00:02:57 (913 turns).

Cryolive the Digger (Gargoyle Earth Elementalist)    Turns: 913, Time: 00:02:57

Health: -1/19      AC:  5    Str: 11    XL:     3   Next: 12%
Magic:  5/6        EV: 12    Int: 16    God:
Gold:   38         SH:  0    Dex: 10    Spells: 5/6 levels left

rFire    . . .     SeeInvis .   h - +0 dagger
rCold    . . .     Gourm    .   (no shield)
rNeg     + . .     Faith    .   c - +0 robe
rPois    ∞         Spirit   .   (no helmet)
rElec    +         Reflect  .   (no cloak)
rCorr    .         Harm     .   (no gloves)
MR       .....                  (no boots)
Stlth    ++........             (no amulet)
HPRegen  0.06/turn              (no ring)
MPRegen  0.10/turn              (no ring)

@: no status effects
A: negative energy resistance 1, electricity resistance, unbreathing,
petrification resistance, rot immunity, AC +3
a: no special abilities


You were on level 1 of the Dungeon.
You were not hungry.

You visited 1 branch of the dungeon, and saw 1 of its levels.

You collected 38 gold pieces.

Inventory:

Hand Weapons
 h - a +0 dagger (weapon)
Missiles
 b - 30 stones (quivered)
Armour
 c - a +0 robe (worn)
Jewellery
 e - an uncursed ring of flight {unknown}
Scrolls
 f - a scroll of teleportation {unknown}
 g - a scroll of remove curse {unknown}
 i - 2 scrolls of amnesia {unknown}
Potions
 a - a potion of cancellation {unknown}
Comestibles
 d - 2 rations


   Skills:
 + Level 0.2 Fighting
 + Level 0.1 Short Blades
 + Level 1.8 Dodging
 + Level 2.3 Stealth
 + Level 0.3 Unarmed Combat
 + Level 2.3 Spellcasting
   Level 0.7 Transmutations
 + Level 4.3 Earth Magic


You had 5 spell levels left.
You knew the following spells:

 Your Spells              Type           Power        Failure   Level  Hunger
a - Sandblast             Erth           ###...       3%          1    #......

Your spell library contained the following spells:

 Spells                   Type           Power        Failure   Level  Hunger
 Passwall                 Tmut/Erth      #.......     11%         2    ###....
 Stone Arrow              Conj/Erth      #.....       24%         3    ###....
 Petrify                  Tmut/Erth      #.......     56%         4    #####..
 Lee's Rapid Deconstruct  Erth           ###.......   67%         5    ######.


Dungeon Overview and Level Annotations

Branches:
Dungeon (1/15)

Altars:


Innate Abilities, Weirdness & Mutations

You are resistant to torment.
Your stone body is resilient. (AC +3)
You are immune to poison.
You resist negative energy. (rN+)
You are resistant to electric shocks. (rElec)
You can survive without breathing.
You are immune to petrification.
You are immune to rotting.


Message History

Tha jackal closely misses ye.
Tha kobold hits ye but does nay damage.
Tha jackal bites ye.
Ye closely miss tha kobold.
Tha kobold be heavily wounded.
Tha jackal barely misses ye.
Tha jackal bites ye.
* * * LOW HITPOINT WARNIN'
* * * Tha kobold hits ye wit' a +0 dagger.
* * * LOW HITPOINT WARNIN'
* * * Tha jackal bites ye.
* * * LOW HITPOINT WARNIN'
* * * Castin': Sandblast (safe; 3% risk o' failure) Confirm wit' . or Enter, or press ? or * ta list all spells.
Aimin': Sandblast (safe; 3% risk o' failure)
Press: ? - help, Shift-Dir - straight line, f - kobold
Aim: a kobold, wieldin' a +0 dagger (heavily wounded) Tha blast o' sand hits tha kobold.
Ye kill tha kobold!
b - 30 stones Tha jackal bites ye.
Ye die...

.####.####.####.###.⌠.#
.####.####.####.###...#
..##...##...##...####.#
⌠.##.⌠.##.⌠.##.⌠.# ##.#
..##...##...##...###..#
.####.####.####.#....##
...................### .
########.#################....
................@)....(.......
###............hh.#####.######
..#.#####.........# .....
..#...............######....
.†..#####.........##..........
##................##....h...K.
....#####.........++.h........
.##...............##..........
.##.#####.........##........


You could see 2 jackals.

Vanquished Creatures
  An ooze (D:1)
  2 leopard geckos (D:1)
  2 giant cockroaches (D:1)
  5 goblins (D:1)
  3 hobgoblins (D:1)
  A jackal (D:1)
  A kobold (D:1)
  A frilled lizard (D:1)
  2 rats (D:1)
18 creatures vanquished.

Notes
Turn   | Place    | Note
-------+----------+-------------------------------------------
     0 | D:1      | Cryolive the Gargoyle Earth Elementalist began the quest
                  | for the Orb.
     0 | D:1      | Reached XP level 1. HP: 10/10 MP: 3/3
   148 | D:1      | Reached skill level 4 in Earth Magic
   157 | D:1      | Reached XP level 2. HP: 15/15 MP: 1/5
   740 | D:1      | Reached XP level 3. HP: 12/19 MP: 6/6
   913 | D:1      | Slain by a jackal

Vault maps used:
D:1:      dpeg_arrival_chambers_temple_mockup, minmay_misc_feat_rows,
          fountainhead

Skill      XL: |  1 |
---------------+----+-----
Earth Magic    | 4 |  4.3
Fighting       | |  0.2
Short Blades   | |  0.1
Dodging        | |  1.8
Stealth        | |  2.3
Unarmed Combat | |  0.3
Spellcasting   | |  2.3
Transmutations | |  0.7

Action                   || total
-------------------------++-------
Melee: Unarmed           ||    24
       Dagger            ||    74
 Cast: Sandblast         ||    11
 Stab: Sleeping          ||     1
Armor: Robe              ||    32
Dodge: Dodged            ||    59

Table legend:
 A = Non-vault XP
 B = Vault XP
 C = Vault XP percentage of total XP
 D = Non-vault monster count
 E = Vault monster count
 F = Vault count percentage of total count
                 A         B        C        D         E       F
            +---------+---------+-------+---------+---------+-------
      Total |      40 |       0 |   0.0 |      18 |       0 |   0.0
            +---------+---------+-------+---------+---------+-------
        D:1 |      40 |       0 |   0.0 |      18 |       0 |   0.0
            +---------+---------+-------+---------+---------+-------
